 Dungeon Crawl Stone Soup version 0.31-a0-931-g7b59d4eb97 (webtiles) character file.

Game seed: 16840297368158304566

2892 Pixllover the Digger (level 9, -5/52 HPs)
             Began as a Gargoyle Earth Elementalist on Oct 19, 2023.
             Was a Believer of Vehumet.
             Slain by a yak (7 damage)
             ... on level 8 of the Dungeon.
             The game lasted 00:19:33 (8049 turns).

Pixllover the Digger (Gargoyle Earth Elementalist)  Turns: 8049, Time: 00:19:33

Health: -5/52      AC: 11    Str: 12    XL:     9   Next: 77%
Magic:  2/17       EV: 13    Int: 20    God:    Vehumet [**....]
Gold:   376        SH:  0    Dex: 10    Spells: 11/18 levels left

rFire   . . .        i - +5 broad axe (freeze)
rCold   . . .        (no shield)
rNeg    + . .        a - +0 robe
rPois   ∞            d - +0 helmet
rElec   +            (no cloak)
rCorr   +            x - +0 pair of gloves
SInv    .            A - +0 pair of boots
Will    .....        u - amulet of regeneration
Stlth   ++           r - ring of wizardry
HPRegen 1.08/turn    z - ring of resist corrosion
MPRegen 0.15/turn

%: wizardry (x1)
@: no status effects
A: sickness immunity, AC +6, negative energy resistance 1, electricity
resistance, torment resistance 1, petrification resistance
a: Renounce Religion


You were on level 8 of the Dungeon.
You worshipped Vehumet.
Vehumet was pleased with you.
You visited 1 branch of the dungeon, and saw 8 of its levels.

You collected 376 gold pieces.

Inventory:

Hand Weapons
 i - a +5 broad axe of freezing (weapon)
Missiles
 s - 7 poisoned darts (quivered)
 G - 4 javelins
Armour
 a - a +0 robe (worn)
 d - a +0 helmet (worn)
 x - a +0 pair of gloves (worn)
 A - a +0 pair of boots (worn)
Jewellery
 r - a ring of wizardry (left hand)
 u - an amulet of regeneration (around neck)
 z - a ring of resist corrosion (right hand)
Wands
 m - a wand of mindburst (11)
 v - a wand of digging (6)
 D - a wand of polymorph (12)
 F - a wand of flame (7)
Scrolls
 c - 2 scrolls of immolation
 e - a scroll of enchant weapon
 f - a scroll of enchant armour {unknown}
 h - a scroll of noise {unknown}
 j - 2 scrolls of identify
 l - a scroll of vulnerability {unknown}
 o - a scroll of summoning
 p - a scroll of amnesia {unknown}
 q - 2 scrolls of acquirement
 t - a scroll of fear {unknown}
 w - a scroll of revelation {unknown}
 y - a scroll of teleportation {unknown}
Potions
 b - 2 potions of magic
 g - 2 potions of might
 k - 7 potions of curing
 n - a potion of heal wounds {unknown}
 B - 3 potions of enlightenment {unknown}
 C - 2 potions of mutation {unknown}
 E - a potion of attraction {unknown}


   Skills:
 + Level 4.5 Fighting
 + Level 0.2 Short Blades
 + Level 6.5 Axes
 + Level 5.1 Dodging
 + Level 3.6 Stealth
 + Level 1.0 Unarmed Combat
 + Level 5.4 Spellcasting
 + Level 1.6 Conjurations
 + Level 0.7 Transmutations
 + Level 6.8 Earth Magic


You had 11 spell levels left.
You knew the following spells:

 Your Spells              Type           Power      Damage    Failure   Level
a - Sandblast             Erth           64%        2d14      1%          1
b - Passwall              Tmut/Erth      16%        N/A       1%          2
c - Stone Arrow           Conj/Erth      44%        3d9       2%          3
d - Shock                 Conj/Air       32%        1d5       3%          1

Your spell library contained the following spells:

 Spells                   Type           Power      Damage    Failure   Level
 Magic Dart               Conj           44%        1d5       2%          1
 Kiss of Death            Conj/Necr      32%        2d7       3%          1
 Wereblood                Tmut           8%         N/A       5%          2
 Brom's Barrelling Bould  Conj/Erth      22%        2d4       8%          4
 Petrify                  Tmut/Erth      20%        N/A       10%         4
 Confusing Touch          Hex            5%         N/A       13%         3
 Cause Fear               Hex            2%         N/A       38%         4
 Dispel Undead            Necr           5%         3d7       38%         4
 Fireball                 Conj/Fire      4%         3d4       61%         5
 Summon Hydra             Summ           2%         N/A       100%        7
 Dragon's Call            Summ           2%         N/A       100%        9
 Sublimation of Blood     Necr           Unusable   N/A       N/A         2

Dungeon Overview and Level Annotations

Branches:
Dungeon (8/15)             Temple (0/1) D:6
   Lair: D:8-11

Altars:
Kikubaaqudgha
Nemelex Xobeh
Sif Muna
Vehumet

Annotations:
D:3 1 runed translucent door, Crazy Yiuf
D:8 Pikel


Innate Abilities, Weirdness & Mutations

You are immune to sickness and miasma.
Your stone body is resilient. (AC +6)
You are immune to poison.
You resist negative energy. (rN+)
You are resistant to electric shocks. (rElec)
You are resistant to unholy torment.
You are immune to petrification.


Message History

The plant begins to die.
The yak gores the plant!
The plant begins to die.
The bullfrog barely misses you.
A nearby fungus withers and dies.
The yak gores the plant! x2
The bullfrog attacks as it pursues you! The bullfrog misses you.
The bullfrog hits you but does no damage.
A nearby plant withers and dies. x2; The yak gores the plant! x2
The bullfrog misses you.
The yak bellows!
The yak gores the plant!
A nearby plant withers and dies.
The bullfrog hits the plant.
The plant begins to die.
The bullfrog hits the plant.
The yak gores you.
Casting: Sandblast (safe; 1% risk of failure)
Confirm with . or Enter, or press ? or * to list all spells.
Aiming: Sandblast (safe; 1% risk of failure)
Press: ? - help, Shift-Dir - straight line, f/p - komodo dragon
Aim: a komodo dragon (severely wounded, 88% to hit)
The blast of sand hits the yak!!
The yak is heavily wounded.
A nearby plant withers and dies.
The bullfrog hits the plant.
The bullfrog barely misses you.
The bullfrog hits the plant!
The bullfrog hits the plant.
The bullfrog barely misses you.
The komodo dragon bites the plant!!
The yak gores you!
* * * LOW HITPOINT WARNING * * *
The yak gores the plant!
The plant begins to die.
The bullfrog hits the plant!
The bullfrog hits the plant.
Found 7 gold pieces.
The bullfrog hits the plant.
As you read the scroll labelled KAUTEACVOI, it crumbles to dust.
It is a scroll of enchant weapon.
Your +4 broad axe of freezing glows red for a moment.
A nearby plant withers and dies.
The bullfrog misses you. The yak gores you!
* * * LOW HITPOINT WARNING * * *
The bullfrog hits you but does no damage.
As you read the scroll labelled DEJASU UHARGH, it crumbles to dust.
It is a scroll of identify.
o - a scroll of summoning A nearby plant withers and dies.
The bullfrog hits you.
* * * LOW HITPOINT WARNING * * *
The bullfrog hits you but does no damage.
The yak gores the fungus!
The fungus begins to die.
The yak gores you!
You die... #..#......... #............ #.......... ##....$.P.. #hY..PP.P. #.lY.P.... ##FYP..... ##FYPPP.P.

#F@P.PP...
#.....PPP.
#......P.P
#....P...P
#.........
#.#.......
#. .......
## #.$....


You could see a komodo dragon, 3 yaks, a black bear, an ice beast and 3
bullfrogs.

Vanquished Creatures
  An orc warrior (D:7)
  Duvessa (D:5)
  An ice beast (D:5)
  3 black bears
  An ogre (D:5)
  2 sky beasts (D:7)
  A centaur (D:6)
  A lemure (D:7)
  A phantom (D:4)
  5 bullfrogs
  A gnoll sergeant (D:8)
  2 scorpions (D:6)
  5 wights (D:7)
  Dowan (D:5)
  5 killer bees (D:7)
  2 hounds
  5 jellies
  A sleepcap (D:6)
  4 iguanas
  Natasha (thrice) (D:4)
  8 orc wizards
  14 adders
  3 white imps
  2 ufetubi (D:7)
  A worm (D:3)
  4 dart slugs
  17 orcs
  4 ball pythons
  5 bats
  16 endoplasms
  2 giant cockroaches (D:2)
  3 goblins
  5 hobgoblins
  5 jackals
  3 quokkas
  4 frilled lizards
  18 kobolds
  5 rats
165 creatures vanquished.

Notes
Turn   | Place    | Note
-------+----------+-------------------------------------------
     0 | D:1      | Pixllover the Gargoyle Earth Elementalist began the quest
                  | for the Orb.
     0 | D:1      | Reached XP level 1. HP: 10/10 MP: 3/3
   101 | D:1      | Reached XP level 2. HP: 15/15 MP: 3/5
   446 | D:1      | Found a faded altar of an unknown god.
   940 | D:2      | Reached XP level 3. HP: 12/19 MP: 4/6
   997 | D:2      | Reached skill level 1 in Fighting
  1261 | D:2      | Reached skill level 1 in Unarmed Combat
  1460 | D:2      | Reached XP level 4. HP: 25/25 MP: 7/7
  1812 | D:2      | Reached skill level 1 in Axes
  1812 | D:2      | Reached XP level 5. HP: 29/29 MP: 1/9
  2135 | D:3      | Found a runed translucent door.
  2136 | D:3      | Noticed Crazy Yiuf
  2393 | D:3      | Found a sparkling altar of Nemelex Xobeh.
  2668 | D:4      | Identified the "Wacvuly"
  2668 | D:4      | Identified the of Essed
  2668 | D:4      | Identified the of Qeikubr Cabu
  2727 | D:4      | Found an ancient bone altar of Kikubaaqudgha.
  2741 | D:4      | Found a shimmering blue altar of Sif Muna.
  2745 | D:4      | Found a radiant altar of Vehumet.
  2754 | D:4      | Became a worshipper of Vehumet
  2814 | D:4      | Reached skill level 5 in Earth Magic
  2814 | D:4      | Reached XP level 6. HP: 34/34 MP: 8/10
  3501 | D:4      | Noticed Natasha
  3509 | D:4      | Killed Natasha
  3650 | D:4      | Learned a level 2 spell: Passwall
  3654 | D:4      | Learned a level 3 spell: Stone Arrow
  3931 | D:4      | Noticed Natasha
  3968 | D:4      | Killed Natasha
  3969 | D:4      | Reached XP level 7. HP: 38/38 MP: 10/12
  4153 | D:4      | Noticed Natasha
  4155 | D:4      | Killed Natasha
  4820 | D:4      | Found an ancient bone altar of Kikubaaqudgha.
  4821 | D:4      | Found a shimmering blue altar of Sif Muna.
  4825 | D:4      | Found a radiant altar of Vehumet.
  5016 | D:5      | Entered Level 5 of the Dungeon
  5375 | D:5      | Reached * piety under Vehumet
  5375 | D:5      | Offered knowledge of Foxfire by Vehumet.
  5483 | D:5      | Noticed Duvessa
  5484 | D:5      | Noticed Dowan
  5508 | D:5      | Identified 3 scrolls of acquirement
  5508 | D:5      | Acquired a +4 broad axe of freezing
  5510 | D:5      | Killed Duvessa
  5510 | D:5      | HP: 1/39 [Dowan/+1 dagger of venom (4)]
  5525 | D:5      | Killed Dowan
  5634 | D:5      | Reached XP level 8. HP: 40/44 MP: 15/15
  6079 | D:5      | Reached skill level 5 in Spellcasting
  6162 | D:6      | Found a staircase to the Ecumenical Temple.
  6439 | D:6      | Offered knowledge of Shock by Vehumet.
  6505 | D:6      | Learned a level 1 spell: Shock
  6589 | D:6      | Reached ** piety under Vehumet
  6590 | D:6      | Reached skill level 1 in Conjurations
  6829 | D:7      | Reached XP level 9. HP: 12/50 MP: 16/16
  6837 | D:7      | Reached skill level 5 in Axes
  7680 | D:7      | Reached skill level 5 in Dodging
  7911 | D:8      | Noticed Pikel
  8016 | D:8      | Noticed a komodo dragon
  8049 | D:8      | HP: 2/52 [bullfrog (3)]
  8049 | D:8      | Slain by a yak

Illustrated notes

Levels and vault maps discovered:
D:1:      arrival_zaba_pyramid, layout_loops_ring,
          hellmonk_ecumenical_altar_lost_god, chequers_serial_rivers_room_b
D:2:      cheibrodos_fertilizer, layout_basic, nicolae_underground_beach
D:3:      layout_basic, mainiacjoe_overflow_alcove_4, uniq_crazy_yiuf_cottage
D:4:      layout_loops_ring, grunt_temple_overflow_magic_moments,
          serial_co_window_serial, co_window_paths_a, co_window_cross_1,
          co_window_paths_b, co_window_corner_a, co_window_of_opportunity_a,
          co_window_corner_a, co_window_unsneaky_path_e, co_window_broadway_c,
          co_window_corner_b, co_window_4corner_a, co_window_paths_e,
          glass_columns_a, glass_columns_b, glass_columns_b, glass_columns_a,
          glass_columns_b, dreamdust_princess_bridge, uniq_natasha
D:5:      layout_basic, uniq_duvessa
D:6:      layout_loops_ring, minmay_temple_entry_large_hall
D:7:      layout_basic, minmay_misc_feat_more_columns, nicolae_tricolors
D:8:      kennysheep_spiral_hall, layout_cave_pools, ashenzari_altar_1,
          due_lair_maze_entry_diamond, serial_shops, shop, uniq_pikel

Skill      XL: |  1  2  3  4  5  6  7  8  9 |
---------------+----------------------------+-----
Dodging        | 2 3 4 5 |  5.1
Earth Magic    | 4 5 6 |  6.8
Fighting       | 1 2 3 4 |  4.5
Unarmed Combat | 1 |  1.0
Axes           | 1 2 4 6 |  6.5
Spellcasting   | 3 4 5 |  5.4
Stealth        | 3 |  3.6
Conjurations   | 1 |  1.6
Short Blades   | |  0.2
Transmutations | |  0.7

Action                     |  1- 3 |  4- 6 |  7- 9 || total
---------------------------+-------+-------+-------++-------
  Melee: Unarmed           |    33 |       |       ||    33
         Dagger            |    31 |       |       ||    31
         Hand axe          |    13 |   160 |    12 ||   185
         Punch             |     1 |     1 |     3 ||     5
         War axe           |       |       |    13 ||    13
         Broad axe         |       |       |   166 ||   166
   Cast: Sandblast         |    27 |    58 |    36 ||   121
         Stone Arrow       |       |       |    33 ||    33
    Use: Scroll            |     2 |       |     4 ||     6
         Potion            |       |       |     3 ||     3
   Stab: Sleeping          |       |     2 |     2 ||     4
 Armour: Robe              |    57 |   141 |   282 ||   480
  Dodge: Dodged            |    61 |   164 |   259 ||   484

Table legend: (Time is in decaauts)
 A = Elapsed time spent in this place.
 B = Non-inter-level travel time spent in this place.
 C = Inter-level travel time spent in this place.
 D = Time resting spent in this place.
 E = Time spent auto-exploring this place.
 F = Levels seen in this place.
 G = Mean time per level.
                   A        B        C        D        E       F      G
               +--------+--------+--------+--------+--------+-----+--------+
         Total |   8225 |   7979 |    246 |    322 |   5400 |   8 | 1028.1 |
       Dungeon |   8225 |   7979 |    246 |    322 |   5400 |   8 | 1028.1 |
               +--------+--------+--------+--------+--------+-----+--------+

Top non-repeatable levels by time:
     D:4: 2380 daAuts
     D:7: 1249 daAuts
     D:5: 1178 daAuts
     D:2: 1075 daAuts
     D:1: 937 daAuts
     D:3: 716 daAuts
     D:6: 618 daAuts
     D:8: 69 daAuts
